 Seeded DCSS version 0.27-a0-1188-g73eefd5def (webtiles) character file.

Game seed: 16767568107801894396 (custom seed)

121 Shayle the Skirmisher (level 4, -6/35 HPs)
             Began as a Demonspawn Warper on May 20, 2021.
             Mangled by a wyvern skeleton (13 damage)
             ... on level 3 of the Dungeon.
             The game lasted 00:06:55 (3438 turns).

Shayle the Skirmisher (Demonspawn Warper)           Turns: 3438, Time: 00:06:56

Health: -6/35      AC:  3    Str: 11    XL:     4   Next: 76%
Magic:  16/16      EV: 11    Int: 15    God:
Gold:   79         SH:  0    Dex: 15    Spells: 7/7 levels left

rFire    . . .     SeeInvis .   a - +0 falchion
rCold    . . .     Faith    .   (no shield)
rNeg     . . .     Spirit   .   b - +0 leather armour
rPois    .         Reflect  .   (no helmet)
rElec    .         Harm     .   (no cloak)
rCorr    .         Rampage  .   (no gloves)
Will     .....                  (no boots)
Stlth    +++.......             (no amulet)
HPRegen  0.11/turn              e - ring of magical power
MPRegen  0.15/turn              (no ring)

@: flying
A: thin skeletal structure 1, powered by death 1, powered by pain 1
a: no special abilities


You were on level 3 of the Dungeon.
You visited 1 branch of the dungeon, and saw 3 of its levels.

You collected 125 gold pieces.
You spent 46 gold pieces at shops.

Inventory:

Hand Weapons
 a - a +0 falchion (weapon)
Missiles
 c - 5 poisoned darts (quivered)
Armour
 b - a +0 leather armour (worn)
Jewellery
 e - a ring of magical power (left hand)
Scrolls
 d - a scroll of blinking
 f - a scroll of enchant armour {unknown}
 g - a scroll of amnesia {unknown}
 h - a scroll of vulnerability {unknown}
 k - 3 scrolls of acquirement {unknown}
 l - 2 scrolls of identify {unknown}
Potions
 i - a potion of invisibility {unknown}
 j - a potion of flight


   Skills:
 + Level 3.4 Fighting
 + Level 3.1 Long Blades
 - Level 0.8 Throwing
 - Level 0.8 Armour
 - Level 1.7 Dodging
 + Level 2.0 Stealth
 - Level 2.0 Spellcasting
 - Level 2.6 Translocations


You had 7 spell levels left.
You didn't know any spells.
Your spell library contained the following spells:

 Spells                   Type           Power      Damage    Failure   Level
 Apportation              Tloc           18%        N/A       10%         1
 Blink                    Tloc           N/A        N/A       14%         2
 Animate Skeleton         Necr           2%         N/A       28%         1
 Beastly Appendage        Tmut           2%         N/A       28%         1
 Corona                   Hex            1%         N/A       28%         1
 Summon Small Mammal      Summ           4%         N/A       28%         1
 Gell's Gravitas          Tloc           4%         N/A       28%         3
 Lesser Beckoning         Tloc           4%         N/A       28%         3
 Teleport Other           Tloc           9%         N/A       28%         3
 Wereblood                Tmut           1%         N/A       41%         2
 Spider Form              Tmut/Pois      0%         N/A       65%         3
 Manifold Assault         Tloc           9%         N/A       95%         5
 Ice Form                 Ice/Tmut       1%         N/A       96%         4
 Hydra Form               Tmut           0%         N/A       100%        5


Dungeon Overview and Level Annotations

Branches:
Dungeon (3/15)

Altars:

Shops:
D:1 !   D:2 ::!(*


Innate Abilities, Weirdness & Mutations

You have a somewhat thin skeletal structure. (Dex +2, Stealth+)
You regenerate a little health from kills.
You sometimes gain a little power by taking damage.


Message History

The goblin hits you with a +0 club.
You hit the goblin.
The goblin is moderately wounded.
The goblin hits you but does no damage.
You hit the goblin.
The goblin is heavily wounded.
The goblin closely misses you.
You riposte.
You closely miss the goblin.
The goblin is heavily wounded.
The goblin hits you but does no damage.
You hit the goblin.
You kill the goblin!
The giant cockroach barely misses you.
You hit the giant cockroach.
The giant cockroach is almost dead.
The giant cockroach bites you.
You hit the giant cockroach.
You kill the giant cockroach!
Things that are here:
a +0 club; a giant cockroach corpse; a goblin corpse
l - a scroll labelled KYCVISH OJOJUNT A wyvern skeleton comes into view.
You see here a scroll labelled KYCVISH OJOJUNT.
l - 2 scrolls labelled KYCVISH OJOJUNT (gained 1)
The wyvern skeleton barely misses you. The wyvern skeleton bites you.
The wyvern skeleton bites you!
You hit the wyvern skeleton.
The wyvern skeleton is lightly damaged.
The wyvern skeleton completely misses you.
You slash the wyvern skeleton!
The wyvern skeleton is moderately damaged.
The wyvern skeleton bites you. The wyvern skeleton bites you!
* * * LOW HITPOINT WARNING * * *
You hit the wyvern skeleton but do no damage.
The wyvern skeleton is moderately damaged.
The wyvern skeleton bites you.
* * * LOW HITPOINT WARNING * * *
It was a potion of flight.
You feel very buoyant.
You fly up into the air.
The wyvern skeleton bites you!
You die...

.......###.#
#.#.#.## #.#
...#.#.# #.#
###.#.#.####.#
#.#........#
#.##...#####
#.#.....##
.#####........##
......Z@.......#
...............+
..####.........#
##.......##
##.###### ###


You could see a wyvern skeleton.

Vanquished Creatures
  Jessica (D:2)
  An adder (D:2)
  3 worms
  3 dart slugs
  5 ball pythons
  2 endoplasms (D:2)
  3 giant cockroaches
  2 goblins
  8 hobgoblins
  15 jackals
  A kobold (D:1)
  6 quokkas
  7 bats
  2 frilled lizards
  5 rats
64 creatures vanquished.

Notes
Turn   | Place    | Note
-------+----------+-------------------------------------------
     0 | D:1      | Shayle the Demonspawn Warper began the quest for the Orb.
     0 | D:1      | Reached XP level 1. HP: 16/16 MP: 3/3
    38 | D:1      | Gained mutation: You regenerate a little health from kills.
                  | [demonic ancestry]
    38 | D:1      | Reached XP level 2. HP: 7/23 MP: 5/5
   822 | D:1      | Found Diutwad's Distillery.
   862 | D:1      | Gained mutation: You have a somewhat thin skeletal
                  | structure. (Dex +2, Stealth+) [demonic ancestry]
   862 | D:1      | Reached XP level 3. HP: 18/28 MP: 6/6
  1198 | D:1      | Reached skill level 1 in Stealth
  1503 | D:2      | Noticed Jessica
  1508 | D:2      | Killed Jessica
  1509 | D:2      | Gained mutation: You sometimes gain a little power by
                  | taking damage. [demonic ancestry]
  1509 | D:2      | Reached XP level 4. HP: 35/35 MP: 7/7
  1526 | D:2      | Found Yhugen's Distillery.
  1599 | D:2      | Found Xeatox's Weapon Boutique.
  2581 | D:2      | Found a faded altar of an unknown god.
  2810 | D:2      | Found Sidd's Assorted Antiques.
  2814 | D:2      | Bought 2 scrolls labelled ZUMAISOSKEU for 46 gold pieces
  2937 | D:2      | Found Isyupont's Book Shoppe.
  3017 | D:2      | Found Teehij's Book Shoppe.
  3438 | D:3      | Mangled by a wyvern skeleton

Illustrated notes

Levels and vault maps discovered:
D:1:      dpeg_arrival_pits, layout_loops_ring, serial_shops, shop,
          minmay_pentomino_w4
D:2:      layout_basic, serial_shops, nicolae_shop_behind_doors, shop,
          shop_statue, shop, nicolae_shop_statue_plus,
          shapermc_ecumenical_altar_totnotflames, uniq_jessica
D:3:      layout_loops_corners, good_gods_mini_temple, gammafunk_ghost_cemetery,
          uniq_terence, uniq_crazy_yiuf_cottage

Skill      XL: |  1  2  3  4 |
---------------+-------------+-----
Long Blades    | 2 3 |  3.1
Stealth        | 1 2 |  2.0
Fighting       | 3 |  3.4
Throwing       | |  0.8
Armour         | |  0.8
Dodging        | |  1.7
Spellcasting   | |  2.0
Translocations | |  2.6

Action                   |  1- 3 |  4- 6 || total
-------------------------+-------+-------++-------
Melee: Falchion          |    69 |   122 ||   191
Throw: Boomerang         |     5 |       ||     5
       Dart              |    31 |     9 ||    40
  Use: Potion            |       |     1 ||     1
 Stab: Sleeping          |     3 |     7 ||    10
Armor: Leather armour    |    32 |    26 ||    58
Dodge: Dodged            |    49 |    77 ||   126
       Rpst.: Falchion   |    17 |    33 ||    50

Table legend: (Time is in decaauts)
 A = Elapsed time spent in this place.
 B = Non-inter-level travel time spent in this place.
 C = Inter-level travel time spent in this place.
 D = Time resting spent in this place.
 E = Time spent auto-exploring this place.
 F = Levels seen in this place.
 G = Mean time per level.
                   A        B        C        D        E       F      G
               +--------+--------+--------+--------+--------+-----+--------+
         Total |   3468 |   3433 |     35 |    618 |   2048 |   3 | 1156.0 |
       Dungeon |   3468 |   3433 |     35 |    618 |   2048 |   3 | 1156.0 |
               +--------+--------+--------+--------+--------+-----+--------+

Top non-repeatable levels by time:
     D:1: 1673 daAuts
     D:2: 1408 daAuts
     D:3: 386 daAuts
